 Dungeon Crawl Stone Soup version 0.28.0 (webtiles) character file.

Game seed: 6429154481451976015

630 crazypyro the Cleaver (level 7, -4/58 HPs)
             Began as a Hill Orc Monk on Feb 11, 2022.
             Slain by an ogre (17 damage)
             ... on level 5 of the Dungeon.
             The game lasted 00:05:31 (3926 turns).

crazypyro the Cleaver (Hill Orc Monk)               Turns: 3926, Time: 00:05:31

Health: -4/58      AC:  6    Str: 16    XL:     7   Next: 48%
Magic:  7/7        EV: 11    Int: 10    God:
Gold:   199        SH:  0    Dex: 13    Spells: 6/6 levels left

rFire   . . .      SeeInvis .   p - +0 war axe
rCold   . . .      Faith    .   (no shield)
rNeg    . . .      Spirit   .   e - +0 ring mail
rPois   .          Reflect  .   d - +0 helmet
rElec   .          Harm     .   (no cloak)
rCorr   .          Rampage  .   (no gloves)
Will    .....                   (no boots)
Stlth   +.........              (no amulet)
HPRegen 0.19/turn               (no ring)
MPRegen 0.10/turn               (no ring)

@: no status effects
A: no striking features
a: no special abilities


You were on level 5 of the Dungeon.
You visited 1 branch of the dungeon, and saw 5 of its levels.

You collected 199 gold pieces.

Inventory:

Hand Weapons
 a - a +0 hand axe
 p - a +0 war axe (weapon)
Armour
 b - a +0 robe
 d - a +0 helmet (worn)
 e - a +0 ring mail (worn)
 n - a +0 leather armour
Jewellery
 l - a ring of positive energy
Scrolls
 c - a scroll of blinking {unknown}
 f - a scroll of silence {unknown}
 g - 6 scrolls of identify {unknown}
 h - a scroll of brand weapon {unknown}
 j - a scroll of noise {unknown}
 m - a scroll of torment {unknown}
 o - a scroll of acquirement {unknown}
 t - 2 scrolls of teleportation {unknown}
 v - a scroll of fear {unknown}
Potions
 i - a potion of invisibility {unknown}
 k - 2 potions of cancellation {unknown}
 q - a potion of mutation {unknown}
 r - 2 potions of curing {unknown}
 s - 2 potions of might {unknown}
 u - a potion of flight {unknown}
 w - a potion of haste {unknown}


   Skills:
 - Level 3.7 Fighting
 * Level 10.8 Axes
 - Level 2.5 Dodging
 - Level 1.7 Stealth


You had 6 spell levels left.
You didn't know any spells.
Your spell library contained the following spells:

 Spells                   Type           Power      Damage    Failure   Level
 Apportation              Tloc           0%         N/A       58%         1
 Beastly Appendage        Tmut           0%         N/A       58%         1
 Slow                     Hex            0%         N/A       58%         1
 Wereblood                Tmut           0%         N/A       73%         2
 Confusing Touch          Hex            0%         N/A       91%         3
 Spider Form              Tmut/Pois      0%         N/A       91%         3
 Vampiric Draining        Necr           0%         2d6       91%         3
 Animate Armour           Summ/Erth      0%         N/A       100%        4
 Animate Dead             Necr           0%         N/A       100%        4
 Alistair's Intoxication  Tmut/Pois      0%         N/A       100%        5
 Blade Hands              Tmut           0%         N/A       100%        5
 Iron Shot                Conj/Erth      0%         9d1       100%        6
 Haunt                    Necr/Summ      0%         N/A       100%        7
 Infestation              Necr           0%         N/A       100%        8


Dungeon Overview and Level Annotations

Branches:
Dungeon (5/15)
 Temple: D:4-7

Altars:
Qazlal
The Shining One

Annotations:
D:4 3 runed translucent doors, 2 transporters, Acetwo5's ghost, amateur DEFE


Message History

The gnoll hits you but does no damage.
You slash the gnoll!
You kill the gnoll!
The gnoll hits you from afar with a +0 spear.
The gnoll barely misses you.
Things that are here:
a +0 flail; a +0 spear; a gnoll corpse You barely miss the gnoll.
The gnoll hits you with a +0 spear.
You closely miss the gnoll. The gnoll barely misses you.
You slash the gnoll!
The gnoll is almost dead.
The gnoll hits you with a +0 spear!
You barely miss the gnoll. Your punch misses the gnoll.
The gnoll is almost dead.
The gnoll misses you.
You hit the gnoll.
You kill the gnoll!
You hit the gnoll but do no damage. The gnoll closely misses you.
You hit the gnoll.
The gnoll is moderately wounded.
The gnoll hits you but does no damage.
You barely miss the gnoll.
The gnoll is moderately wounded.
The gnoll closely misses you.
You slash the gnoll!
You kill the gnoll!
You hit the ogre.
The ogre is lightly wounded.
The ogre misses you.
You barely miss the ogre.
The ogre is lightly wounded.
The ogre hits you with a +0 giant club!!
* * * LOW HITPOINT WARNING * * *
You are too injured to fight recklessly!
You slash the ogre!
The ogre is heavily wounded.
You slash the ogre!
The ogre is severely wounded.
The ogre hits you with a +0 giant club!
You die...

##.#.## ##
##.#.## #.#
##.#.# #.#.#
##.#.##
#.#.#
##.#.##
#.#.#
##.#.##
#o#.##
##.#.##
#O#.###.#.##
#@#.#.#.##
##.#.#.##
##.#.##
##.## ###


You could see an ogre and an orc.

Vanquished Creatures
  Sigmund (D:2)
  An ice beast (D:5)
  A scorpion (D:4)
  A bullfrog zombie (D:5)
  A bullfrog skeleton (D:5)
  A jelly (D:5)
  Jessica (D:2)
  2 iguanas
  Robin (D:2)
  4 gnolls (D:5)
  3 adders
  An adder skeleton (D:4)
  A worm (D:4)
  3 dart slugs
  3 orcs
  9 ball pythons
  7 endoplasms
  2 giant cockroaches (D:2)
  12 goblins
  7 hobgoblins
  3 kobolds
  5 quokkas
  9 bats
  A frilled lizard (D:1)
  3 rats
83 creatures vanquished.

Notes
Turn   | Place    | Note
-------+----------+-------------------------------------------
     0 | D:1      | crazypyro the Hill Orc Monk began the quest for the Orb.
     0 | D:1      | Reached XP level 1. HP: 19/19 MP: 1/1
   222 | D:1      | Found a faded altar of an unknown god.
   273 | D:1      | Reached XP level 2. HP: 27/27 MP: 2/2
   806 | D:1      | Reached skill level 5 in Axes
   806 | D:1      | Reached XP level 3. HP: 31/33 MP: 3/3
  1219 | D:2      | Noticed Jessica
  1225 | D:2      | Killed Jessica
  1226 | D:2      | Reached skill level 6 in Axes
  1226 | D:2      | Reached XP level 4. HP: 40/40 MP: 4/4
  1274 | D:2      | Noticed Sigmund
  1299 | D:2      | Killed Sigmund
  1300 | D:2      | Reached skill level 8 in Axes
  1300 | D:2      | Reached XP level 5. HP: 12/46 MP: 5/5
  1640 | D:2      | Noticed Robin
  1647 | D:2      | Reached XP level 6. HP: 49/52 MP: 6/6
  1650 | D:2      | Killed Robin
  2678 | D:3      | Found a glowing golden altar of the Shining One.
  2906 | D:4      | Reached skill level 9 in Axes
  3199 | D:4      | Noticed a fire elemental
  3201 | D:4      | Found a stormy altar of Qazlal.
  3203 | D:4      | Noticed an air elemental
  3203 | D:4      | Noticed a water elemental
  3283 | D:4      | Found a runed translucent gate.
  3283 | D:4      | Found a runed translucent gate.
  3284 | D:4      | Found a runed translucent gate.
  3286 | D:4      | Noticed Acetwo5's ghost (amateur DEFE)
  3297 | D:4      | Found a transporter.
  3314 | D:4      | Found a transporter.
  3651 | D:5      | Entered Level 5 of the Dungeon
  3666 | D:5      | Reached XP level 7. HP: 48/58 MP: 7/7
  3743 | D:5      | Reached skill level 10 in Axes
  3926 | D:5      | Slain by an ogre

Illustrated notes

Levels and vault maps discovered:
D:1:      dpeg_arrival_arbitrary_c, layout_basic,
          shapermc_ecumenical_altar_notcrosses
D:2:      layout_loops_cross, minivault_23, minmay_misc_feat_diagonals,
          minivault_19, uniq_sigmund, uniq_robin, uniq_jessica
D:3:      layout_rooms, nicolae_tso_swordbearing_angel
D:4:      gammafunk_steamed_eel, layout_basic, nicolae_qazlal_style_of_elements,
          gammafunk_ghost_necromancy
D:5:      minmay_inner_zag, layout_basic, chequers_serial_rivers_micro_b

Skill      XL: |  1  2  3  4  5  6  7 |
---------------+----------------------+-----
Axes           | 5 6 8 9 10 | 10.8
Fighting       | |  3.7
Dodging        | |  2.5
Stealth        | |  1.7

Action                   |  1- 3 |  4- 6 |  7- 9 || total
-------------------------+-------+-------+-------++-------
Melee: Hand axe          |    81 |   137 |       ||   218
       War axe           |       |    41 |    44 ||    85
       Punch             |       |     3 |       ||     3
 Stab: Sleeping          |     4 |       |       ||     4
Armor: Robe              |    18 |       |       ||    18
       Ring mail         |    23 |    55 |    11 ||    89
Dodge: Dodged            |    49 |    93 |    20 ||   162
